 Dungeon Crawl Stone Soup version 0.25.0-46-gbd7b0854d2 (webtiles) character file.

Game seed: 5247098892212784024

30 Ethylacetat the Gusty (level 3, 0/21 HPs)
             Began as an Octopode Air Elementalist on July 15, 2020.
             Slain by a giant cockroach (2 damage)
             ... on level 1 of the Dungeon.
             The game lasted 00:02:17 (1356 turns).

Ethylacetat the Gusty (Octopode Air Elementalist)   Turns: 1356, Time: 00:02:18

Health: 0/21       AC:  1    Str:  8    XL:     3   Next: 20%
Magic:  6/6        EV: 13    Int: 17    God:
Gold:   55         SH:  0    Dex: 12    Spells: 5/6 levels left

rFire    . . .     SeeInvis .   e - +0 dagger
rCold    . . .     Gourm    .   (no shield)
rNeg     . . .     Faith    .   (helmet restricted)
rPois    .         Spirit   .   (no amulet)
rElec    .         Reflect  .   (no ring)
rCorr    .         Harm     .   (no ring)
MR       .....                  (no ring)
Stlth    +++.......             (no ring)
HPRegen  0.07/turn              (no ring)
MPRegen  0.10/turn              (no ring)
                                (no ring)
                                (no ring)

@: no status effects
A: almost no armour, stealthy swim, amphibious, 8 rings, constrict 8, camouflage
1, gelatinous body 1
a: no special abilities


You were on level 1 of the Dungeon.
You were hungry.

You visited 1 branch of the dungeon, and saw 2 of its levels.

You collected 55 gold pieces.

Inventory:

Hand Weapons
 e - a +0 dagger (weapon)
Scrolls
 c - a scroll of enchant weapon {unknown}
 d - a scroll of teleportation {unknown}
 f - a scroll of identify {unknown}
Potions
 a - a potion of stabbing {unknown}
 g - 2 potions of flight {unknown}
Comestibles
 b - 4 rations


   Skills:
 - Level 2.0 Dodging
 - Level 2.6 Stealth
 + Level 2.3 Spellcasting
 * Level 2.0 Conjurations
 * Level 3.5 Air Magic


You had 5 spell levels left.
You knew the following spells:

 Your Spells              Type           Power        Failure   Level  Hunger
a - Shock                 Conj/Air       ##..         6%          1    #......

Your spell library contained the following spells:

 Spells                   Type           Power        Failure   Level  Hunger
 Swiftness                Chrm/Air       #.......     14%         2    ###....
 Static Discharge         Conj/Air       ##......     19%         3    ###....
 Airstrike                Air            ##........   41%         4    #####..
 Lightning Bolt           Conj/Air       ##........   86%         5    ######.


Dungeon Overview and Level Annotations

Branches:
Dungeon (2/15)

Altars:


Innate Abilities, Weirdness & Mutations

You cannot wear most types of armour.
You are very stealthy in the water. (Stealth+)
You are amphibious.
You can wear up to eight rings at the same time.
You can use your tentacles to constrict eight enemies at once.
Your skin changes colour to match your surroundings (Stealth+).
Your rubbery body absorbs attacks. (AC +1, EV +1)


Message History

The kobold closely misses you.
You barely miss the kobold. Your grab misses the kobold.
You squeeze the kobold.
You kill the kobold!
You see here a +0 short sword.
There is a stone staircase leading down here.
You are feeling hungry.
You climb downwards.
A bat comes into view.
The hobgoblin barely misses you. The giant cockroach bites you.
The kobold hits you with a +0 dagger. The hobgoblin hits you with a +0 club.
There is a stone staircase leading up, spattered with blood here.
The giant cockroach bites you. The kobold hits you with a +0 dagger.
* * * LOW HITPOINT WARNING * * *
The hobgoblin barely misses you.
You climb upwards.
There is a stone staircase leading down here.
The giant cockroach barely misses you. The kobold hits you but does no damage.
The giant cockroach bites you.
You die...

##############
#.......÷....#
#.##########.#
########.#....#...#)#
###.....##.#.##.#.#.#.#
#.....#....#s##.#.#.#.#
##...#####..@>#.#...#÷#
#####..#..####.#Kg#.#...#.#
##...........#.#.......##.#
##....(......#.#..........#
##.⌠...<...⌠.#.#...########
##...........#.#.......#
##...........#.#.#.###.#
###..#####..##.#.#.# #.# #
#...# #...#..#.#.# #.#


You could see a giant cockroach, a hobgoblin and a kobold.

Vanquished Creatures
  2 dart slugs (D:1)
  2 bats (D:1)
  A giant cockroach (D:1)
  5 goblins (D:1)
  4 hobgoblins (D:1)
  2 frilled lizards (D:1)
  4 kobolds (D:1)
  4 rats (D:1)
24 creatures vanquished.

Notes
Turn   | Place    | Note
-------+----------+-------------------------------------------
     0 | D:1      | Ethylacetat the Octopode Air Elementalist began the quest
                  | for the Orb.
     0 | D:1      | Reached XP level 1. HP: 11/11 MP: 3/3
   301 | D:1      | Reached XP level 2. HP: 6/17 MP: 0/5
  1008 | D:1      | Reached XP level 3. HP: 20/21 MP: 6/6
  1356 | D:1      | Slain by a giant cockroach

Illustrated notes

Levels and vault maps discovered:
D:1:      dpeg_arrival_arbitrary_c, layout_basic
D:2:      layout_rooms, nicolae_ru_sacrificial_ziggurat, minmay_heptomino_o4,
          uniq_natasha

Skill      XL: |  1  2  3 |
---------------+----------+-----
Conjurations   | 2 |  2.0
Dodging        | |  2.0
Stealth        | |  2.6
Spellcasting   | |  2.3
Air Magic      | |  3.5

Action                   || total
-------------------------++-------
Melee: Unarmed           ||    16
       Constrict         ||    10
       Tentacles         ||     6
       Dagger            ||    25
 Cast: Shock             ||    11
 Stab: Sleeping          ||     4
  Eat: Chunk             ||     1
Armor: Skin              ||     2
Dodge: Dodged            ||    21
